 Dungeon Crawl Stone Soup version 0.32-a0-43-g058985b245 (webtiles) character file.

Game seed: 7478430586497681610

5221 whatisthis the Carver (level 10, -4/78 HPs)
             Began as a Merfolk Brigand on Feb 3, 2024.
             Was a Believer of Hepliaklqana.
             Killed from afar by a deep elf pyromancer (45 damage)
             ... with a bolt of fire
             ... on level 8 of the Dungeon.
             The game lasted 00:19:09 (7426 turns).

whatisthis the Carver (Merfolk Brigand)             Turns: 7426, Time: 00:19:09

Health: -4/78      AC:  7    Str: 12    XL:     10   Next: 61%
Magic:  8/10       EV: 15    Int: 10    God:    Hepliaklqana [**....]
Gold:   400        SH: 11    Dex: 20    Spells: 9/9 levels left

rFire   . . .        u - +11 dagger of the Loving Gods {protect, rCorr}
rCold   . . .        k - +2 kite shield
rNeg    . . .        A - +2 leather armour {Will+}
rPois   .            (no helmet)
rElec   .            c - +0 cloak
rCorr   +            (no gloves)
SInv    .            E - +0 pair of boots
Will    +....        (no amulet)
Stlth   +++          (no ring)
HPRegen 0.33/turn    (no ring)
MPRegen 0.12/turn

%: no passive effects
@: no status effects
A: reduced essence, (nimble swimmer 2), mertail
a: Renounce Religion, Recall Ancestor, Ancestor Identity


You were on level 8 of the Dungeon.
You worshipped Hepliaklqana.
Hepliaklqana was pleased with you.
You visited 1 branch of the dungeon, and saw 8 of its levels.

You collected 400 gold pieces.

Inventory:

Hand Weapons
 a - a +2 dagger
 n - a +1 dagger of electrocution
 q - a +0 long sword
 u - the +11 dagger of the Loving Gods (weapon) {protect, rCorr}
   (You took it off an orc on level 7 of the Dungeon)

   rCorr:     It protects you from acid and corrosion.
 B - a +0 rapier
Missiles
 d - 7 poisoned darts (quivered)
 e - 3 curare-tipped darts
 t - 2 throwing nets
 D - 2 boomerangs
Armour
 c - a +0 cloak (worn)
 i - a +0 ring mail
 k - a +2 kite shield (worn)
 A - a +2 leather armour of willpower (worn)
 E - a +0 pair of boots (worn)
Jewellery
 h - a ring of fire
 F - a ring of flight
 G - a ring of protection from cold
Wands
 g - a wand of paralysis (1)
 s - a wand of quicksilver (32)
Scrolls
 f - a scroll of torment {unknown}
 w - a scroll of vulnerability
 x - 2 scrolls of revelation {unknown}
 y - a scroll of immolation {unknown}
 z - a scroll of brand weapon {unknown}
 C - 3 scrolls of silence
Potions
 b - 4 potions of curing
 j - 3 potions of cancellation
 l - 2 potions of brilliance
 m - a potion of might {unknown}
 o - 2 potions of heal wounds
 p - a potion of enlightenment {unknown}
 r - 2 potions of magic {unknown}
 v - a potion of lignification {unknown}


   Skills:
 + Level 11.0 Fighting
 - Level 2.4(7.8) Short Blades
 + Level 11.6(11.7) Long Blades
 - Level 2.0 Throwing
 + Level 8.9 Dodging
 - Level 4.3 Stealth


You had 9 spell levels left.
You didn't know any spells.
Your spell library contained the following spells:

 Spells                   Type           Power      Damage    Failure   Level
 Freeze                   Ice            0%         1d3       92%         1
 Sublimation of Blood     Necr           0%         N/A       98%         2
 Call Canine Familiar     Summ           0%         N/A       100%        3
 Frozen Ramparts          Ice            0%         1d1       100%        3
 Fugue of the Fallen      Necr           0%         N/A       100%        3
 Hailstorm                Conj/Ice       0%         3d5       100%        3
 Ozocubu's Armour         Ice            0%         N/A       100%        3
 Sigil of Binding         Hex            0%         N/A       100%        3
 Dimensional Bullseye     Hex/Tloc       0%         N/A       100%        4
 Manifold Assault         Tloc           0%         N/A       100%        4
 Petrify                  Alch/Erth      0%         N/A       100%        4
 Irradiate                Conj/Alch      0%         3d11      100%        5


Dungeon Overview and Level Annotations

Branches:
Dungeon (8/15)             Temple (0/1) D:4
   Lair: D:8-11

Altars:
Hepliaklqana
Kikubaaqudgha
Makhleb
Nemelex Xobeh
Qazlal
Uskayaw
Vehumet
Zin
The Shining One

Shops:
D:3 !

Annotations:
D:8 3 runed translucent doors, Azoth's ghost, novice DjCj


Innate Abilities, Weirdness & Mutations

Your life essence is reduced to manifest your ancestor. (-10% HP)
((You are very nimble when in or above water. (Stealth+, EV+, Speed+++)))
Your lower body shifts to a powerful aquatic tail in water.


Message History

You closely miss the hell rat.
Servius casts a spell at the hell rat.
The puff of frost hits the hell rat.
You block the hell rat's attack.
You barely miss the hell rat.
The hell rat is lightly wounded.
The hell rat completely misses you.
You hit the hell rat.
The hell rat is moderately wounded.
The hell rat completely misses you.
You puncture the hell rat!
You tail-slap the hell rat, but do no damage.
The hell rat is severely wounded.
The hell rat bites you.
You feel drained.
You hit the hell rat.
You kill the hell rat!
Your life force feels restored.
You swap places.
Servius gestures at the orc warrior while chanting.
The puff of frost hits the orc warrior!
The shadow closely misses Servius.
The orc warrior hits Servius with a +2 scimitar of flaming!
The orc warrior burns Servius.
Servius completely misses the orc warrior.
The shadow hits Servius.
The orc warrior hits Servius with a +2 scimitar of flaming!
The orc warrior burns Servius.
Servius barely misses the orc warrior.
Servius is recalled.
The shadow slips into darkness.
The shadow flickers and vanishes!
Deactivating autopickup; reactivate with Ctrl-A.
Your +0 pair of boots unmelds from your body.
The deep elf pyromancer gestures at you while chanting.
The bolt of fire hits you!!
The bolt of fire hits Servius!
Servius resists.
Servius is destroyed!
The deep elf pyromancer gestures wildly while chanting.
The deep elf pyromancer gestures at you while chanting.
The bolt of fire hits you!!!
Ouch! That really hurt!
You die...

#...........r#≈#
#.....$...o..#≈##### ...
#h.###. #≈#...# ..# #..# #
#≈....# ..# #.o# #~....#
..####R.######≈....#
~~≈~~~~~≈≈≈≈≈≈#....#
..)..†#########....# ###'###
##@### ###.############.#
.)[.)...........e#
..)..............#
..(.......<....E.#
..........)......#
.................#
###.#######.###..###########
###.###.# #+####'##..##..).#


You could see a deep elf pyromancer and a fire elemental (summoned).

Vanquished Creatures
  Sigmund (D:3)
  4 yaks (D:8)
  2 water moccasins
  A black bear (D:8)
  A sky beast (D:6)
  2 ice beasts
  An orc warrior (D:7)
  An ogre (D:5)
  4 centaurs
  3 phantoms
  2 bullfrogs
  A scorpion (D:4)
  A wight (D:8)
  3 killer bees (D:7)
  3 howler monkeys (D:7)
  A bombardier beetle (D:4)
  6 orc priests
  3 hounds
  A hell rat (D:8)
  An iguana (D:5)
  6 orc wizards
  6 adders
  3 gnolls (D:4)
  A white imp (D:6)
  4 dart slugs
  3 ribbon worms
  23 orcs
  7 endoplasms
  2 giant cockroaches
  5 goblins
  9 hobgoblins
  4 jackals (D:1)
  3 kobolds
  A quokka (D:3)
  5 ball pythons
  4 bats
  3 frilled lizards
  3 rats
  A spectral goblin (D:3)
135 creatures vanquished.

Vanquished Creatures (collateral kills)
  A wyvern (D:8)
  2 yaks (D:8)
  Eustachio (D:6)
  Edmund (D:5)
  2 water moccasins (D:8)
  An orc warrior (D:8)
  An ice beast (D:6)
  A sky beast (D:7)
  2 ogres
  A centaur (D:8)
  2 bullfrogs (D:8)
  A wight (D:8)
  A killer bee (D:7)
  A howler monkey (D:7)
  A hound (D:6)
  3 jellies
  An orc priest (D:8)
  A sleepcap (D:5)
  2 orc wizards (D:8)
  An iguana (D:6)
  2 adders
  3 white imps
  31 orcs
  A hobgoblin (D:4)
64 creatures vanquished.

Vanquished Creatures (others)
  4 battlemagi
  2 ancestors (D:5)
6 creatures vanquished.

Grand Total: 205 creatures vanquished

Notes
Turn   | Place    | Note
-------+----------+-------------------------------------------
     0 | D:1      | whatisthis the Merfolk Brigand began the quest for the Orb.
     0 | D:1      | Reached XP level 1. HP: 16/16 MP: 1/1
   210 | D:1      | Reached XP level 2. HP: 23/23 MP: 2/2
   235 | D:1      | Reached skill level 1 in Long Blades
   754 | D:2      | Reached XP level 3. HP: 15/28 MP: 3/3
  1769 | D:3      | Reached XP level 4. HP: 34/35 MP: 4/4
  1869 | D:3      | Found a hazy altar of Hepliaklqana.
  1895 | D:3      | Found Maweun's Distillery.
  1931 | D:3      | Became a worshipper of Hepliaklqana the Forgotten
  1985 | D:3      | Reached XP level 5. HP: 35/42 MP: 5/5
  2256 | D:3      | Noticed Sigmund
  2437 | D:3      | Killed Sigmund
  2438 | D:3      | Reached XP level 6. HP: 46/50 MP: 6/6
  2703 | D:4      | Reached skill level 5 in Fighting
  2789 | D:4      | Found a staircase to the Ecumenical Temple.
  2840 | D:4      | Reached skill level 5 in Long Blades
  3048 | D:4      | Reached XP level 7. HP: 57/57 MP: 7/7
  3249 | D:4      | Found a radiant altar of Vehumet.
  3293 | D:4      | Reached * piety under Hepliaklqana
  3548 | D:4      | Found a glowing silver altar of Zin.
  4028 | D:5      | Entered Level 5 of the Dungeon
  4200 | D:5      | Reached XP level 8. HP: 58/60 MP: 8/8
  4229 | D:5      | Noticed Edmund
  4253 | D:5      | Killed Edmund
  5126 | D:6      | Reached ** piety under Hepliaklqana
  5127 | D:6      | Remembered your ancestor Servius as a battlemage
  5254 | D:6      | Noticed Eustachio
  5266 | D:6      | Killed Eustachio
  5267 | D:6      | Reached XP level 9. HP: 64/67 MP: 9/9
  5417 | D:6      | Found a hide-covered altar of Uskayaw.
  5676 | D:7      | Reached skill level 5 in Dodging
  5953 | D:7      | Identified the +11 dagger of the Loving Gods {protect,
                  | rCorr}
  6053 | D:7      | Reached skill level 10 in Long Blades
  6343 | D:7      | Found an ancient bone altar of Kikubaaqudgha.
  6536 | D:7      | Found a stormy altar of Qazlal.
  6645 | D:7      | Found a glowing golden altar of the Shining One.
  6647 | D:7      | Found a sparkling altar of Nemelex Xobeh.
  6653 | D:7      | Found a burning altar of Makhleb.
  6886 | D:8      | Reached skill level 10 in Fighting
  6890 | D:8      | Reached XP level 10. HP: 65/76 MP: 7/10
  7117 | D:8      | Found a runed translucent gate.
  7119 | D:8      | Found a runed translucent gate.
  7119 | D:8      | Noticed Azoth's ghost (novice DjCj)
  7120 | D:8      | Found a runed translucent gate.
  7123 | D:8      | Noticed a kobold demonologist
  7169 | D:8      | Identified the amulet of Awe {RegenMP ^Contam Str+2 Dex+2
                  | Slay+3}
  7338 | D:8      | Noticed a deep elf pyromancer
  7426 | D:8      | Killed from afar by a deep elf pyromancer

Illustrated notes

Levels and vault maps discovered:
D:1:      wheals_arrival_shading, layout_basic
D:2:      layout_basic, nicolae_twisty_statue_hallways
D:3:      layout_basic, nicolae_hepliaklqana_monster_ancestors, serial_shops,
          nicolae_shop_tiny_waterfront, uniq_sigmund
D:4:      layout_layer_cave, mainiacjoe_overflow_brackets, lemuel_crystal_altar,
          minmay_temple_entry_arrows, serial_library_hellmonk_filled_rooms
D:5:      layout_basic, uniq_edmund
D:6:      layout_basic, mainiacjoe_overflow_paths, uniq_eustachio
D:7:      layout_cave_pools, nicolae_overflow_macrodata_refinement,
          mainiacjoe_overflow_24_doors, palyth_stone_intersect
D:8:      cheibrodos_ideogram_h, layout_gridville, dpeg_lair_monsters,
          gammafunk_ghost_nasty_kobolds, special_room [special_room_orc]

Skill      XL: |  1  2  3  4  5  6  7  8  9 10 |
---------------+-------------------------------+-----
Long Blades    | 1 2 3 4 5 7 9 10 11 | 11.6
Dodging        | 2 3 7 8 |  8.9
Fighting       | 3 4 5 7 8 10 11 | 11.0
Short Blades   | |  2.4
Throwing       | |  2.0
Stealth        | |  4.3

Action                     |  1- 3 |  4- 6 |  7- 9 | 10-12 || total
---------------------------+-------+-------+-------+-------++-------
  Melee: Dagger            |   125 |   116 |   231 |    67 ||   539
         Punch             |     2 |       |       |       ||     2
         Long sword        |       |     6 |       |       ||     6
         Rapier            |       |       |    10 |       ||    10
         Tailslap          |       |       |       |     1 ||     1
  Throw: Dart              |    16 |     5 |     6 |     2 ||    29
 Invoke: Ancestor Life: Ba |       |       |     1 |       ||     1
         Recall Ancestor   |       |       |     3 |     3 ||     6
  Evoke: Wand              |       |       |     4 |       ||     4
    Use: Scroll            |       |     2 |     7 |       ||     9
         Potion            |       |     1 |       |       ||     1
   Stab: Sleeping          |     8 |     5 |     3 |       ||    16
         Paralysed         |       |       |     1 |       ||     1
         Distracted        |       |       |       |     3 ||     3
 Armour: Robe              |    18 |       |       |       ||    18
         Ring mail         |    44 |    54 |    45 |       ||   143
         Leather armour    |       |       |    49 |    43 ||    92
  Dodge: Dodged            |    56 |    32 |    80 |    26 ||   194
  Block: Kite shield       |     5 |    64 |   109 |    59 ||   237

Table legend: (Time is in decaauts)
 A = Elapsed time spent in this place.
 B = Non-inter-level travel time spent in this place.
 C = Inter-level travel time spent in this place.
 D = Time resting spent in this place.
 E = Time spent auto-exploring this place.
 F = Levels seen in this place.
 G = Mean time per level.
                   A        B        C        D        E       F      G
               +--------+--------+--------+--------+--------+-----+--------+
         Total |   7382 |   7184 |    198 |   1099 |   3932 |   8 |  922.8 |
       Dungeon |   7382 |   7184 |    198 |   1099 |   3932 |   8 |  922.8 |
               +--------+--------+--------+--------+--------+-----+--------+

Top non-repeatable levels by time:
     D:4: 1413 daAuts
     D:7: 1188 daAuts
     D:5: 1082 daAuts
     D:3: 948 daAuts
     D:2: 944 daAuts
     D:1: 726 daAuts
     D:8: 575 daAuts
     D:6: 504 daAuts
